 Dungeon Crawl Stone Soup version 0.27.1-33-g824d729ab1 (webtiles) character file.

Game seed: 13917076043938139488

242 Kaptain the Digger (level 6, -1/39 HPs)
             Began as an Octopode Earth Elementalist on Dec 17, 2021.
             Succumbed to a gnoll's poison
             ... on level 4 of the Dungeon on Dec 18, 2021.
             The game lasted 00:14:02 (2982 turns).

Kaptain the Digger (Octopode Earth Elementalist)    Turns: 2982, Time: 00:14:02

Health: -1/39      AC:  5    Str:  7    XL:     6   Next: 9%
Magic:  11/11      EV: 13    Int: 20    God:
Gold:   182        SH:  0    Dex: 12    Spells: 4/11 levels left

rFire    + . .     SeeInvis .   h - +0 dagger (pain)
rCold    . . .     Faith    .   (no shield)
rNeg     . . .     Spirit   .   (helmet restricted)
rPois    .         Reflect  .   (no amulet)
rElec    .         Harm     .   p - +4 ring of protection
rCorr    .         Rampage  .   s - ring of protection from fire
Will     .....                  (no ring)
Stlth    +++.......             (no ring)
HPRegen  0.13/turn              (no ring)
MPRegen  0.12/turn              (no ring)
                                (no ring)
                                (no ring)

@: lethally poisoned (-1 -> -20)
A: almost no armour, amphibious, 8 rings, camouflage 1, gelatinous body 1,
(nimble swimmer 1), tentacles
a: no special abilities


You were on level 4 of the Dungeon.
You visited 1 branch of the dungeon, and saw 5 of its levels.

You collected 182 gold pieces.

Inventory:

Hand Weapons
 f - a +0 scimitar
 h - a +0 dagger of pain (weapon)
 o - a +0 short sword
Missiles
 b - 48 stones
Jewellery
 p - a +4 ring of protection (left tentacle)
 s - a ring of protection from fire (right tentacle)
Scrolls
 c - 3 scrolls of identify
 e - a scroll of noise {unknown}
 g - 2 scrolls of teleportation {unknown}
 i - 2 scrolls of fear {unknown}
 n - a scroll of amnesia {unknown}
 q - a scroll of blinking {unknown}
Potions
 a - a potion of resistance {unknown}
 d - a potion of brilliance {unknown}
 j - a potion of cancellation
 k - 2 potions of heal wounds {unknown}
 l - 2 potions of berserk rage {unknown}
 m - a potion of might {unknown}


   Skills:
 + Level 1.7 Fighting
 + Level 2.7 Dodging
 + Level 4.1 Stealth
 * Level 3.4 Spellcasting
 + Level 1.1 Conjurations
 - Level 1.0 Transmutations
 * Level 4.2 Earth Magic


You had 4 spell levels left.
You knew the following spells:

 Your Spells              Type           Power      Damage    Failure   Level
a - Sandblast             Erth           40%        2d10      2%          1
b - Passwall              Tmut/Erth      10%        N/A       7%          2
c - Stone Arrow           Conj/Erth      28%        3d8       14%         3
d - Summon Small Mammal   Summ           12%        N/A       14%         1

Your spell library contained the following spells:

 Spells                   Type           Power      Damage    Failure   Level
 Conjure Flame            Conj/Fire      5%         6-21      32%         3
 Dazzling Flash           Conj/Hex       10%        N/A       32%         3
 Ignite Poison            Fire/Tmut/Pois 4%         N/A       34%         3
 Call Canine Familiar     Summ           3%         N/A       38%         3
 Summon Guardian Golem    Hex/Summ       3%         N/A       38%         3
 Swiftness                Air            3%         N/A       38%         3
 Petrify                  Tmut/Erth      13%        N/A       43%         4
 Sticky Flame             Conj/Fire      5%         2d3       71%         4
 Fireball                 Conj/Fire      2%         3d4       96%         5
 Agony                    Necr           3%         N/A       98%         5
 Silence                  Hex/Air        1%         N/A       98%         5
 Invisibility             Hex            1%         N/A       100%        6
 Starburst                Conj/Fire      2%         6d3       100%        6
 Ignition                 Fire           1%         3d3       100%        8


Dungeon Overview and Level Annotations

Branches:
Dungeon (5/15)
 Temple: D:4-7

Altars:
Ashenzari
Cheibriados
Okawaru


Innate Abilities, Weirdness & Mutations

You cannot wear most types of armour.
You are amphibious.
You can wear up to eight rings at the same time.
Your skin changes colour to match your surroundings (Stealth+).
Your rubbery body absorbs attacks. (AC +1, EV +1)
((You are camouflaged near water. (Stealth+)))
You have tentacles for arms and can constrict up to eight enemies at once.


Message History

There is an entrance to an ossuary on this level.
Hurry and find it before the portal is buried!
There is a stone staircase leading up here.
The helpless gnoll fails to defend itself.
You puncture the gnoll! You grab the gnoll.
The gnoll is severely wounded.
You constrict the gnoll, but do no damage.
The gnoll barely misses you.
You hit the gnoll but do no damage. Your squeeze misses the gnoll.
The gnoll is severely wounded.
You constrict the gnoll.
The gnoll shouts! x2
The gnoll closely misses you. The gnoll misses you.
You hear an angry growl.
You hit the gnoll.
The gnoll is almost dead.
You constrict the gnoll, but do no damage.
You hear a shout!
The gnoll hits you from afar with a +1 halberd of venom.
You are poisoned.
The gnoll closely misses you.
You hit the gnoll but do no damage. You squeeze the gnoll.
You kill the gnoll!
You feel very sick.
The gnoll hits you from afar with a +1 halberd of venom.
Okay, then.
Okay, then.
Unknown command.
Unknown command.
You feel very sick.
The gnoll hits you from afar with a +1 halberd of venom!
You are lethally poisoned!
The gnoll barely misses you.
You climb upwards.
You hear the sound of rushing water.
There is an entrance to a sewer on this level.
Hurry and find it before the portal rusts away!
* * * LOW HITPOINT WARNING * * *
You feel extremely sick.
There is a stone staircase leading down here.
It was a potion of cancellation.
You feel magically purged.
You die...

####### #.#########..## ####
#.....###.##.##..##..####.##
#.............s.........<...
#........................
#..).....................
#.<).......<....>........
######.##.######...####'#
####+##.### #+### #..#
#.....@...# ....#
#......g..# ......#
#.........# ........#
#######.### ###..##..##
###.####.##########
#....#.......#.....
#..."#.......#.....
#....'.......#....†
######'########.##.


You could see a scorpion (wandering) and a gnoll.

Vanquished Creatures
  A necrophage (D:3)
  A scorpion (D:4)
  A gnoll (D:5)
  4 adders
  A worm (D:2)
  A dart slug (D:1)
  2 orcs
  6 endoplasms
  2 giant cockroaches
  5 goblins
  5 hobgoblins
  2 quokkas
  7 ball pythons
  3 bats (D:2)
  3 frilled lizards
  5 kobolds
  2 rats
51 creatures vanquished.

Notes
Turn   | Place    | Note
-------+----------+-------------------------------------------
     0 | D:1      | Kaptain the Octopode Earth Elementalist began the quest for
                  | the Orb.
     0 | D:1      | Reached XP level 1. HP: 11/11 MP: 3/3
   145 | D:1      | Reached XP level 2. HP: 14/17 MP: 1/5
   684 | D:1      | Found a faded altar of an unknown god.
   962 | D:2      | Reached XP level 3. HP: 22/22 MP: 6/6
  1582 | D:2      | Reached XP level 4. HP: 27/27 MP: 6/8
  1748 | D:3      | Learned a level 2 spell: Passwall
  1752 | D:3      | Learned a level 3 spell: Stone Arrow
  1759 | D:3      | Noticed a necrophage
  1772 | D:3      | Killed a necrophage
  1773 | D:3      | Reached skill level 1 in Fighting
  1773 | D:3      | Reached XP level 5. HP: 16/33 MP: 3/9
  2258 | D:3      | Learned a level 1 spell: Summon Small Mammal
  2871 | D:4      | Reached skill level 1 in Conjurations
  2871 | D:4      | Reached XP level 6. HP: 39/39 MP: 6/11
  2884 | D:4      | Found a broken altar of Ashenzari.
  2888 | D:4      | Found an iron altar of Okawaru.
  2891 | D:4      | Found a snail-covered altar of Cheibriados.
  2975 | D:5      | Entered Level 5 of the Dungeon
  2982 | D:4      | Succumbed to a gnoll's poison

Illustrated notes

Levels and vault maps discovered:
D:1:      dpeg_arrival_pond, layout_rooms,
          shapermc_ecumenical_altar_mp_urbaneastern, chequers_big_river
D:2:      layout_rooms
D:3:      layout_basic, minivault_5, minmay_randomly_rotated_circles
D:4:      layout_gridville, minmay_overflow_temple_star_quad, temple_doors_e,
          lightli_sewer_entry_pipes
D:5:      layout_basic, chequers_ossuary_entry_cave, minmay_ruined_shrine

Skill      XL: |  1  2  3  4  5 |
---------------+----------------+-----
Stealth        | 3 4 |  4.1
Fighting       | 1 |  1.7
Spellcasting   | 3 |  3.4
Earth Magic    | 4 |  4.2
Conjurations   | 1 |  1.1
Dodging        | |  2.7
Transmutations | |  1.0

Action                   |  1- 3 |  4- 6 || total
-------------------------+-------+-------++-------
Melee: Unarmed           |     2 |       ||     2
       Dagger            |    14 |     8 ||    22
       Constrict         |     1 |     2 ||     3
       Tentacles         |       |     2 ||     2
 Cast: Sandblast         |    32 |    28 ||    60
       Summon Small Mamm |       |     2 ||     2
  Use: Scroll            |     2 |       ||     2
       Potion            |     1 |     1 ||     2
 Stab: Sleeping          |     7 |     4 ||    11
       Distracted        |     1 |       ||     1
Armor: Skin              |       |     1 ||     1
Dodge: Dodged            |    14 |    17 ||    31
